 Dungeon Crawl Stone Soup version 0.27.1-1-g398f81649c (webtiles) character file.

Game seed: 2549117162128514343

200 Rickety the Shield-Bearer (level 5, -3/47 HPs)
             Began as a Gnoll Fighter on Sept 16, 2021.
             Slain by Natasha (7 damage)
             ... on level 3 of the Dungeon.
             The game lasted 00:03:57 (3535 turns).

Rickety the Shield-Bearer (Gnoll Fighter)           Turns: 3535, Time: 00:03:58

Health: -3/47      AC:  9    Str: 17    XL:     5   Next: 79%
Magic:  7/7        EV:  8    Int:  7    God:
Gold:   119        SH: 10    Dex: 11    Spells: 7/7 levels left

rFire    . . .     SeeInvis .   a - +0 long sword
rCold    . . .     Faith    .   c - +0 kite shield
rNeg     . . .     Spirit   .   b - +0 scale mail
rPois    .         Reflect  .   j - +0 helmet
rElec    .         Harm     .   (no cloak)
rCorr    .         Rampage  .   (no gloves)
Will     .....                  (no boots)
Stlth    ..........             (no amulet)
HPRegen  0.15/turn              (no ring)
MPRegen  0.10/turn              (no ring)

@: mighty
A: fangs 1, strong nose, distributed training
a: no special abilities


You were on level 3 of the Dungeon.
You visited 1 branch of the dungeon, and saw 4 of its levels.
You also visited: Sewer.

You collected 119 gold pieces.

Inventory:

Hand Weapons
 a - a +0 long sword (weapon)
Missiles
 l - 13 poisoned darts (quivered)
Armour
 b - a +0 scale mail (worn)
 c - a +0 kite shield (worn)
 j - a +0 helmet (worn)
Scrolls
 e - a scroll of magic mapping {unknown}
 i - 2 scrolls of summoning {unknown}
 k - 2 scrolls of blinking {unknown}
 n - a scroll of fear {unknown}
 o - a scroll of identify {unknown}
 p - 2 scrolls of fog {unknown}
 q - a scroll of silence {unknown}
 t - 2 scrolls of teleportation {unknown}
Potions
 d - a potion of might
 f - a potion of cancellation {unknown}
 g - a potion of haste {unknown}
 h - 2 potions of curing {unknown}
 m - 2 potions of heal wounds {unknown}
 r - 2 potions of experience {unknown}
 s - a potion of invisibility {unknown}
 u - 2 potions of brilliance
 v - a potion of mutation {unknown}


   Skills:
 + Level 6.7 Fighting
 + Level 1.6 Short Blades
 + Level 4.8 Long Blades
 + Level 1.6 Axes
 + Level 1.6 Maces & Flails
 + Level 1.6 Polearms
 + Level 1.6 Staves
 + Level 1.6 Slings
 + Level 1.6 Bows
 + Level 1.6 Crossbows
 + Level 1.6 Throwing
 + Level 6.7 Armour
 + Level 1.6 Dodging
 + Level 1.6 Stealth
 + Level 6.7 Shields
 + Level 1.6 Unarmed Combat
 + Level 1.6 Spellcasting
 + Level 1.3 Conjurations
 + Level 1.3 Hexes
 + Level 1.3 Summonings
 + Level 1.3 Necromancy
 + Level 1.3 Translocations
 + Level 1.3 Transmutations
 + Level 1.3 Fire Magic
 + Level 1.3 Ice Magic
 + Level 1.3 Air Magic
 + Level 1.3 Earth Magic
 + Level 1.3 Poison Magic
 + Level 1.8 Invocations
 + Level 1.6 Evocations


You had 7 spell levels left.
You didn't know any spells.
Your spell library contained the following spells:

 Spells                   Type           Power      Damage    Failure   Level
 Gell's Gravitas          Tloc           1%         N/A       99%         3
 Lesser Beckoning         Tloc           1%         N/A       99%         3
 Teleport Other           Tloc           2%         N/A       99%         3


Dungeon Overview and Level Annotations

Branches:
Dungeon (4/15)              Sewer (visited)
 Temple: D:4-7

Altars:

Portals:
Abyss: D:4

Annotations:
D:3 Natasha
D:4 2 runed translucent doors


Innate Abilities, Weirdness & Mutations

You have very sharp teeth.
Your uncanny sense of smell can sniff out nearby items.
Your experience applies equally to all skills.


Message History

Unknown command.
You hit the black bear but do no damage.
The black bear is severely wounded.
The black bear bites you but does no damage.
The black bear claws you. You block the black bear's attack.
Natasha howls an incantation.
Natasha's front paws start to glow.
You block Natasha's attack.
You barely miss the black bear.
The black bear is severely wounded.
You block the black bear's attack.
The black bear claws you but does no damage. x2
Natasha casts a spell at you. You resist with some effort.
The black bear misses you.
The black bear claws you but does no damage. x2
Natasha claws you.
* * * LOW HITPOINT WARNING * * *
You feel very mighty all of a sudden.
You block the black bear's attack. x3; Natasha barely misses you.
Unknown command.
You hit the black bear.
The black bear is severely wounded.
The black bear goes berserk!
Natasha claws you.
* * * LOW HITPOINT WARNING * * *
Unknown command.
You slash the black bear!
The black bear is almost dead.
The black bear bites you.
* * * LOW HITPOINT WARNING * * *
You block the black bear's attack.
The black bear claws you but does no damage.
You block Natasha's attack.
The black bear bites you but does no damage.
The black bear claws you.
* * * LOW HITPOINT WARNING * * *
The black bear claws you but does no damage.
You slash the black bear!
You kill the black bear!
Natasha claws you!
You die...

..## ### ....#... ....
.. ........ ##### ..
...####. ..... .. (. ...
.############. . ####
.#............
.#†...........
..).).........#######...
................@hg.....
..####...####..#######'#
..####...# ##.#........
.........# #..........
......#########.........
......##....# #.........
......##....# #..#####'#
#####'##....# ##.## .#
##..........####..# .#


You could see Natasha (strong) and a goblin.

Vanquished Creatures
  A black bear (D:3)
  A necrophage (D:3)
  Natasha (D:3)
  4 adders
  A river rat (Sewer)
  A worm (D:4)
  8 ball pythons
  3 bats
  3 endoplasms
  2 giant cockroaches
  3 goblins
  A hobgoblin (D:1)
  2 quokkas
  6 frilled lizards
  4 kobolds
  9 rats
50 creatures vanquished.

Notes
Turn   | Place    | Note
-------+----------+-------------------------------------------
     0 | D:1      | Rickety the Gnoll Fighter began the quest for the Orb.
     0 | D:1      | Reached XP level 1. HP: 23/23 MP: 1/1
   251 | D:1      | Reached XP level 2. HP: 29/29 MP: 2/2
  1132 | D:2      | Reached XP level 3. HP: 35/35 MP: 3/3
  1613 | D:2      | Found a faded altar of an unknown god.
  1880 | D:3      | Noticed a black bear
  2012 | D:3      | You fall into a shaft and drop 1 floor!
  2046 | D:4      | Found a large runed translucent door.
  2048 | D:4      | Found a large runed translucent door.
  2049 | D:4      | Found a glowing drain.
  2065 | Sewer    | Entered a sewer
  2069 | Sewer    | HP: 1/35 [poisoned by an adder]
  2451 | Sewer    | Reached skill level 1 in Invocations
  2543 | Sewer    | Reached skill level 1 in Short Blades
  2543 | Sewer    | Reached skill level 1 in Axes
  2543 | Sewer    | Reached skill level 1 in Maces & Flails
  2543 | Sewer    | Reached skill level 1 in Polearms
  2543 | Sewer    | Reached skill level 1 in Staves
  2543 | Sewer    | Reached skill level 1 in Slings
  2543 | Sewer    | Reached skill level 1 in Bows
  2543 | Sewer    | Reached skill level 1 in Crossbows
  2543 | Sewer    | Reached skill level 1 in Throwing
  2543 | Sewer    | Reached skill level 1 in Dodging
  2543 | Sewer    | Reached skill level 1 in Stealth
  2543 | Sewer    | Reached skill level 1 in Unarmed Combat
  2543 | Sewer    | Reached skill level 1 in Spellcasting
  2543 | Sewer    | Reached skill level 1 in Evocations
  2750 | Sewer    | Reached XP level 4. HP: 41/41 MP: 5/5
  2966 | D:4      | Found a one-way gate to the infinite horrors of the Abyss.
  3090 | D:3      | Noticed a necrophage
  3108 | D:3      | Killed a necrophage
  3109 | D:3      | Reached skill level 1 in Conjurations
  3109 | D:3      | Reached skill level 1 in Hexes
  3109 | D:3      | Reached skill level 1 in Summonings
  3109 | D:3      | Reached skill level 1 in Necromancy
  3109 | D:3      | Reached skill level 1 in Translocations
  3109 | D:3      | Reached skill level 1 in Transmutations
  3109 | D:3      | Reached skill level 1 in Fire Magic
  3109 | D:3      | Reached skill level 1 in Ice Magic
  3109 | D:3      | Reached skill level 1 in Air Magic
  3109 | D:3      | Reached skill level 1 in Earth Magic
  3109 | D:3      | Reached skill level 1 in Poison Magic
  3109 | D:3      | Reached XP level 5. HP: 38/47 MP: 5/7
  3290 | D:3      | Noticed Natasha
  3298 | D:3      | Killed Natasha
  3523 | D:3      | Noticed Natasha
  3535 | D:3      | Killed a black bear
  3535 | D:3      | Slain by Natasha

Illustrated notes

Levels and vault maps discovered:
D:1:      minmay_arrival_split_and_join, layout_loops_ring
D:2:      layout_loops_corners, shapermc_ecumenical_altar_ellora, serial_bayou,
          serial_bayou_crossing, serial_bayou_lagoon_a, serial_bayou_lake_a,
          serial_bayou_pond_a
D:3:      layout_basic, grunt_ministairs_1, uniq_natasha
D:4:      due_chaos_kobolds, layout_loops_corners, gammafunk_temple_of_torment,
          portal_sewer_entry_a, amcnicky_mini_rare_corridor_liquid

Skill      XL: |  1  2  3  4 |
---------------+-------------+-----
Invocations    | 1 |  1.8
Short Blades   | 1 |  1.6
Axes           | 1 |  1.6
Maces & Flails | 1 |  1.6
Polearms       | 1 |  1.6
Staves         | 1 |  1.6
Slings         | 1 |  1.6
Bows           | 1 |  1.6
Crossbows      | 1 |  1.6
Throwing       | 1 |  1.6
Dodging        | 1 |  1.6
Stealth        | 1 |  1.6
Unarmed Combat | 1 |  1.6
Spellcasting   | 1 |  1.6
Evocations     | 1 |  1.6
Conjurations   | 1 |  1.3
Hexes          | 1 |  1.3
Summonings     | 1 |  1.3
Necromancy     | 1 |  1.3
Translocations | 1 |  1.3
Transmutations | 1 |  1.3
Fire Magic     | 1 |  1.3
Ice Magic      | 1 |  1.3
Air Magic      | 1 |  1.3
Earth Magic    | 1 |  1.3
Poison Magic   | 1 |  1.3
Fighting       | |  6.7
Long Blades    | |  4.8
Armour         | |  6.7
Shields        | |  6.7

Action                   |  1- 3 |  4- 6 || total
-------------------------+-------+-------++-------
Melee: Long sword        |   101 |    93 ||   194
       Bite              |     3 |     9 ||    12
  Use: Potion            |     1 |     1 ||     2
Armor: Scale mail        |    58 |    51 ||   109
Dodge: Dodged            |    30 |    37 ||    67
Block: Kite shield       |    73 |    59 ||   132
       Rpst.: Long sword |     5 |    12 ||    17
